| TOP OF THE 1ST |
|
Burlington Bees batting - Pitching for Lake County Captains : RHP Gordie Pierson
|
|
Pitching: RHP Gordie Pierson
|
|
|
Batting: RHB Ivan Barrientos
|
0-0: Ball 1-0: Ground out 5-3 (Groundball, 56, EV 82.5 MPH)
|
|
Batting: RHB Scott Webb
|
0-0: Ground out 5-3 (Groundball, 56S, EV 68.8 MPH)
|
|
Batting: LHB Ramon Garduno
|
0-0: Called Strike 0-1: Called Strike 0-2: Fly out, F8 (Flyball, 8LM, EV 89.4 MPH)
|
| Top of the 1st over - 0 runs, 0 hits, 0 errors, 0 left on base; Burlington 0 - Lake County 0 |
| BOTTOM OF THE 1ST |
|
Lake County Captains batting - Pitching for Burlington Bees : RHP Hector Carrizales
|
|
Pitching: RHP Hector Carrizales
|
|
|
Batting: RHB Patrick Pinault
|
0-0: Ball 1-0: Ball 2-0: Bunt for hit to 23 - play at first, batter safe!
|
|
Batting: RHB Steve Gusman
|
0-0: Fly out, F5 (Popup, 5SF, EV 87.5 MPH)
|
|
Batting: LHB Esteban Cordova
|
0-0: Ball 1-0: Foul Ball, location: 2F 1-1: Fly out, F7 (Line Drive, 7, EV 110.6 MPH)
|
|
Batting: LHB Frank Hill
|
0-0: Ball 1-0: Foul Ball, location: 2F 1-1: Swinging Strike 1-2: Strikes out swinging
|
| Bottom of the 1st over - 0 runs, 1 hit, 0 errors, 1 left on base; Burlington 0 - Lake County 0 |
| TOP OF THE 2ND |
|
Burlington Bees batting - Pitching for Lake County Captains : RHP Gordie Pierson
|
|
Batting: SHB Danny Gelinas
|
0-0: Ground out 4-3 (Groundball, 4, EV 85.0 MPH)
|
|
Batting: RHB Peter Westover
|
0-0: Called Strike 0-1: DOUBLE (Flyball, 8LXD, EV 91.9 MPH)
|
|
Batting: LHB Pavla Markianov
|
0-0: Called Strike 0-1: Ball 1-1: Ball 2-1: Swinging Strike 2-2: Fly out, F9 (Flyball, 89D, EV 85.6 MPH) Runner from 2nd tags up, SAFE at 3rd, no throw by RF
|
|
Batting: RHB Rory Cobb
|
0-0: Called Strike 0-1: Ball 1-1: Swinging Strike 1-2: Ball 2-2: Foul Ball, location: 2F 2-2: Strikes out swinging
|
| Top of the 2nd over - 0 runs, 1 hit, 0 errors, 1 left on base; Burlington 0 - Lake County 0 |
| BOTTOM OF THE 2ND |
|
Lake County Captains batting - Pitching for Burlington Bees : RHP Hector Carrizales
|
|
Batting: RHB Josh Patterson
|
0-0: Called Strike 0-1: Ball 1-1: Called Strike 1-2: Strikes out looking
|
|
Batting: RHB Jose Valtierra
|
0-0: Swinging Strike 0-1: Ball 1-1: Called Strike 1-2: Ball 2-2: Foul Ball, location: 2F 2-2: Ball 3-2: Ground out 5-3 (Groundball, 56, EV 83.8 MPH)
|
|
Batting: RHB Justin Young
|
0-0: Ball 1-0: Swinging Strike 1-1: Foul Ball, location: 2F 1-2: Strikes out swinging
|
| Bottom of the 2nd over - 0 runs, 0 hits, 0 errors, 0 left on base; Burlington 0 - Lake County 0 |
| TOP OF THE 3RD |
|
Burlington Bees batting - Pitching for Lake County Captains : RHP Gordie Pierson
|
|
Batting: RHB Dan Myers
|
0-0: Ball 1-0: Ball 2-0: Called Strike 2-1: Ball 3-1: SINGLE (Groundball, 34D, EV 99.4 MPH)
|
|
Batting: RHB Malachi Ephron
|
0-0: Ball Dan Myers steals 2nd base (no throw) 1-0: Foul Ball, location: 2F 1-1: Ball 2-1: Foul Ball, location: 2F 2-2: Foul Ball, location: 2F 2-2: Strikes out looking
|
|
Batting: RHB Ivan Barrientos
|
0-0: Called Strike 0-1: Ball 1-1: Foul Ball, location: 2F 1-2: Foul Ball, location: 2F 1-2: Ball 2-2: SINGLE (Groundball, 6S, EV 72.5 MPH) (infield hit) Dan Myers to third
|
|
Batting: RHB Scott Webb
|
0-0: Called Strike 0-1: Ball 1-1: Swinging Strike 1-2: Ball Ivan Barrientos is caught stealing 2nd base 2-4 2-2: Foul Ball, location: 2F 2-2: SINGLE (Groundball, 6D, EV 95.0 MPH) Dan Myers scores
|
|
Batting: LHB Ramon Garduno
|
0-0: Ball 1-0: Called Strike 1-1: Ball 2-1: Foul Ball, location: 2F 2-2: Strikes out swinging
|
| Top of the 3rd over - 1 run, 3 hits, 0 errors, 1 left on base; Burlington 1 - Lake County 0 |
| BOTTOM OF THE 3RD |
|
Lake County Captains batting - Pitching for Burlington Bees : RHP Hector Carrizales
|
|
Batting: RHB Jeremy Givens
|
0-0: Foul Ball, location: 2F 0-1: Foul Ball, location: 2F 0-2: Ball 1-2: Ball 2-2: Foul Ball, location: 2F 2-2: SINGLE (Groundball, 6S, EV 61.2 MPH) (infield hit)
|
|
Batting: RHB Juan Ordonez
|
0-0: Called Strike 0-1: Ball 1-1: Ball 2-1: Foul Ball, location: 2F 2-2: Ball 3-2: Base on Balls Jeremy Givens to second
|
|
Batting: RHB Patrick Pinault
|
0-0: Ball 1-0: Fielders Choice at 2nd, 6-4 (Groundball, 6M, EV 108.8 MPH) Jeremy Givens to third
|
|
Batting: RHB Steve Gusman
|
0-0: Called Strike 0-1: Fly out, F9 (Flyball, 9, EV 94.4 MPH)
|
|
Batting: LHB Esteban Cordova
|
0-0: Ball 1-0: Ball 2-0: Ball 3-0: Base on Balls Patrick Pinault to second
|
|
Batting: LHB Frank Hill
|
0-0: Ball 1-0: Swinging Strike 1-1: Foul Ball, location: 2F 1-2: Ball 2-2: Strikes out swinging
|
| Bottom of the 3rd over - 0 runs, 1 hit, 0 errors, 3 left on base; Burlington 1 - Lake County 0 |
| TOP OF THE 4TH |
|
Burlington Bees batting - Pitching for Lake County Captains : RHP Gordie Pierson
|
|
Batting: SHB Danny Gelinas
|
0-0: Called Strike 0-1: Swinging Strike 0-2: Ball 1-2: Ball 2-2: Foul Ball, location: 2F 2-2: Strikes out swinging
|
|
Batting: RHB Peter Westover
|
0-0: Ball 1-0: Called Strike 1-1: Called Strike 1-2: Ball 2-2: Ball 3-2: Strikes out looking
|
|
Batting: LHB Pavla Markianov
|
0-0: Called Strike 0-1: Foul Ball, location: 2F 0-2: Ball 1-2: Ball 2-2: Foul Ball, location: 2F 2-2: Strikes out swinging
|
| Top of the 4th over - 0 runs, 0 hits, 0 errors, 0 left on base; Burlington 1 - Lake County 0 |
| BOTTOM OF THE 4TH |
|
Lake County Captains batting - Pitching for Burlington Bees : RHP Hector Carrizales
|
|
Batting: RHB Josh Patterson
|
0-0: Ground out 5-3 (Groundball, 5L, EV 101.2 MPH)
|
|
Batting: RHB Jose Valtierra
|
0-0: Called Strike 0-1: Foul Ball, location: 2F 0-2: Ball 1-2: Ball 2-2: Foul Ball, location: 2F 2-2: Ball 3-2: Foul Ball, location: 2F 3-2: Ground out 6-3 (Groundball, 6S, EV 94.4 MPH)
|
|
Batting: RHB Justin Young
|
0-0: Ball 1-0: Ball 2-0: DOUBLE (Line Drive, 7LM, EV 105.0 MPH)
|
|
Batting: RHB Jeremy Givens
|
0-0: DOUBLE (Flyball, 89D, EV 105.6 MPH) Justin Young scores
|
|
Batting: RHB Juan Ordonez
|
0-0: Ball 1-0: Ball 2-0: Fly out, F5 (Popup, 5F, EV 60.6 MPH)
|
| Bottom of the 4th over - 1 run, 2 hits, 0 errors, 1 left on base; Burlington 1 - Lake County 1 |
| TOP OF THE 5TH |
|
Burlington Bees batting - Pitching for Lake County Captains : RHP Gordie Pierson
|
|
Batting: RHB Rory Cobb
|
0-0: Called Strike 0-1: Called Strike 0-2: Strikes out swinging
|
|
Batting: RHB Dan Myers
|
0-0: Foul Ball, location: 2F 0-1: DOUBLE (Line Drive, 8RXD, EV 108.8 MPH)
|
|
Batting: RHB Malachi Ephron
|
0-0: Called Strike 0-1: Ball 1-1: Swinging Strike 1-2: Fly out, F7 (Line Drive, 7, EV 91.9 MPH)
|
|
Batting: RHB Ivan Barrientos
|
0-0: Ball 1-0: SINGLE (Groundball, 5S, EV 68.8 MPH) (infield hit) Dan Myers to third
|
|
Batting: RHB Scott Webb
|
0-0: Ball 1-0: Ball 2-0: Called Strike 2-1: Fly out, F9 (Flyball, 89M, EV 80.6 MPH)
|
| Top of the 5th over - 0 runs, 2 hits, 0 errors, 2 left on base; Burlington 1 - Lake County 1 |
| BOTTOM OF THE 5TH |
|
Lake County Captains batting - Pitching for Burlington Bees : RHP Hector Carrizales
|
|
Batting: RHB Patrick Pinault
|
0-0: Ball 1-0: Ball 2-0: Ball 3-0: Called Strike 3-1: Foul Ball, location: 2F 3-2: Foul Ball, location: 2F 3-2: Foul Ball, location: 2F 3-2: Strikes out looking
|
|
Batting: RHB Steve Gusman
|
0-0: Ground out 4-3 (Groundball, 4S, EV 86.9 MPH)
|
|
Batting: LHB Esteban Cordova
|
0-0: SINGLE (Groundball, 34D, EV 95.6 MPH)
|
|
Batting: LHB Frank Hill
|
0-0: Called Strike 0-1: Called Strike 0-2: DOUBLE (Line Drive, 9LD, EV 105.0 MPH) Esteban Cordova to third Runner from 3rd tries for Home, throw by RF and OUT! 9-4-2
|
| Bottom of the 5th over - 0 runs, 2 hits, 0 errors, 1 left on base; Burlington 1 - Lake County 1 |
| TOP OF THE 6TH |
|
Burlington Bees batting - Pitching for Lake County Captains : RHP Gordie Pierson
|
|
Batting: LHB Ramon Garduno
|
0-0: Foul Ball, location: 2F 0-1: Called Strike 0-2: Ball 1-2: Ball 2-2: Foul Ball, location: 2F 2-2: Fly out, F8 (Flyball, 8RS, EV 76.2 MPH)
|
|
Batting: SHB Danny Gelinas
|
0-0: Ball 1-0: Ball 2-0: Called Strike 2-1: Ball 3-1: Called Strike 3-2: Ground out U3 (Groundball, 3S, EV 71.2 MPH)
|
|
Batting: RHB Peter Westover
|
0-0: Ball 1-0: Swinging Strike 1-1: Swinging Strike 1-2: Strikes out swinging
|
| Top of the 6th over - 0 runs, 0 hits, 0 errors, 0 left on base; Burlington 1 - Lake County 1 |
| BOTTOM OF THE 6TH |
|
Lake County Captains batting - Pitching for Burlington Bees : RHP Hector Carrizales
|
|
Batting: RHB Josh Patterson
|
0-0: Called Strike 0-1: Foul Ball, location: 2F 0-2: Ball 1-2: Foul Ball, location: 2F 1-2: Ball 2-2: Ground out 6-3 (Groundball, 6M, EV 79.4 MPH)
|
|
Batting: RHB Jose Valtierra
|
0-0: Ball 1-0: Called Strike 1-1: Ball 2-1: Foul Ball, location: 2F 2-2: Ball 3-2: Strikes out swinging
|
|
Batting: RHB Justin Young
|
0-0: Fly out, F9 (Line Drive, 9, EV 105.6 MPH)
|
| Bottom of the 6th over - 0 runs, 0 hits, 0 errors, 0 left on base; Burlington 1 - Lake County 1 |
| TOP OF THE 7TH |
|
Burlington Bees batting - Pitching for Lake County Captains : RHP Gordie Pierson
|
|
Batting: LHB Pavla Markianov
|
0-0: Called Strike 0-1: Foul Ball, location: 2F 0-2: Ball 1-2: Ball 2-2: Strikes out looking
|
|
Pitching: RHP Chris Painter
|
|
|
Batting: RHB Rory Cobb
|
0-0: Ball 1-0: Called Strike 1-1: Ground out U3 (Groundball, 34, EV 104.4 MPH)
|
|
Batting: RHB Dan Myers
|
0-0: Called Strike 0-1: Foul Ball, location: 2F 0-2: Strikes out swinging
|
| Top of the 7th over - 0 runs, 0 hits, 0 errors, 0 left on base; Burlington 1 - Lake County 1 |
| BOTTOM OF THE 7TH |
|
Lake County Captains batting - Pitching for Burlington Bees : RHP Hector Carrizales
|
|
Pitching: RHP Devin Spears
|
|
|
Batting: RHB Jeremy Givens
|
0-0: Called Strike 0-1: Ball 1-1: SINGLE (Line Drive, 89M, EV 100.0 MPH)
|
|
Batting: RHB Juan Ordonez
|
0-0: Ball 1-0: Bunted foul 1-1: Ball 2-1: Sac Bunt to P - play at first, batter OUT! 1-3 Jeremy Givens to second
|
|
Pinch Hitting: LHB Hirakito Herring
|
0-0: Intentional Walk
|
|
Pinch Hitting: LHB Dustin Taylor
|
0-0: Foul Ball, location: 2F 0-1: Ball 1-1: Foul Ball, location: 2F 1-2: Fly out, F8 (Line Drive, 89D, EV 90.6 MPH)
|
|
Batting: LHB Esteban Cordova
|
0-0: Ball 1-0: Called Strike 1-1: Swinging Strike 1-2: Strikes out swinging
|
| Bottom of the 7th over - 0 runs, 1 hit, 0 errors, 2 left on base; Burlington 1 - Lake County 1 |
| TOP OF THE 8TH |
|
Burlington Bees batting - Pitching for Lake County Captains : RHP Chris Painter
|
|
Now at 2B: John Bianconi
|
|
|
Now in LF: Dustin Taylor
|
|
|
Pinch Hitting: LHB Edgar van der Meeren
|
0-0: Ball 1-0: Called Strike 1-1: Ground out U3 (Groundball, 34, EV 100.6 MPH)
|
|
Batting: RHB Ivan Barrientos
|
0-0: Called Strike 0-1: Foul Ball, location: 2F 0-2: Foul Ball, location: 2F 0-2: Strikes out swinging
|
|
Batting: RHB Scott Webb
|
0-0: Foul Ball, location: 2F 0-1: Ball 1-1: Foul Ball, location: 2F 1-2: Reached on error, E1 (Groundball, 15S, EV 64.4 MPH)
|
|
Pitching: LHP Tim Fried
|
|
|
Batting: LHB Ramon Garduno
|
0-0: Ball 1-0: Foul Ball, location: 2F 1-1: Ground out 6-3 (Groundball, 6, EV 108.1 MPH)
|
| Top of the 8th over - 0 runs, 0 hits, 1 error, 1 left on base; Burlington 1 - Lake County 1 |
| BOTTOM OF THE 8TH |
|
Lake County Captains batting - Pitching for Burlington Bees : RHP Devin Spears
|
|
Pitching: RHP Tim Mumpower
|
|
|
Now at C: Edgar van der Meeren
|
|
|
Batting: LHB Frank Hill
|
0-0: Ball 1-0: Called Strike 1-1: Foul Ball, location: 2F 1-2: Ball 2-2: Ground out U3 (Groundball, 34, EV 110.6 MPH)
|
|
Batting: RHB Josh Patterson
|
0-0: Ball 1-0: Ball 2-0: Swinging Strike 2-1: Ground out 4-3 (Groundball, 4M, EV 86.2 MPH)
|
|
Batting: RHB Jose Valtierra
|
0-0: Called Strike 0-1: Ball 1-1: Foul Ball, location: 2F 1-2: Fly out, F9 (Flyball, 9D, EV 77.5 MPH)
|
| Bottom of the 8th over - 0 runs, 0 hits, 0 errors, 0 left on base; Burlington 1 - Lake County 1 |
| TOP OF THE 9TH |
|
Burlington Bees batting - Pitching for Lake County Captains : LHP Tim Fried
|
|
Batting: SHB Danny Gelinas
|
0-0: Called Strike 0-1: Called Strike 0-2: Ball 1-2: Ball 2-2: Strikes out swinging
|
|
Batting: RHB Peter Westover
|
0-0: Called Strike 0-1: Ball 1-1: Foul Ball, location: 2F 1-2: Ball 2-2: Ball 3-2: Strikes out looking
|
|
Batting: LHB Pavla Markianov
|
0-0: Swinging Strike 0-1: Ball 1-1: Ball 2-1: Ball 3-1: Called Strike 3-2: Fly out, F9 (Line Drive, 9, EV 111.2 MPH)
|
| Top of the 9th over - 0 runs, 0 hits, 0 errors, 0 left on base; Burlington 1 - Lake County 1 |
| BOTTOM OF THE 9TH |
|
Lake County Captains batting - Pitching for Burlington Bees : RHP Tim Mumpower
|
|
Batting: RHB Justin Young
|
0-0: Foul Ball, location: 2F 0-1: Ball 1-1: Ball 2-1: Foul Ball, location: 2F 2-2: Strikes out looking
|
|
Pinch Hitting: LHB Jeff Palmowski
|
0-0: SOLO HOME RUN (Flyball, 7LD, EV 94.4 MPH), Distance : 354 ft
|
| Bottom of the 9th over - 1 run, 1 hit, 0 errors, 0 left on base; Burlington 1 - Lake County 2 |
|